 Dungeon Crawl Stone Soup version 0.31.0-1-g2c135a008e (webtiles) character file.

Game seed: 13521502993480865344

1002 qw the Shooter (level 8, 0/59 HPs)
             Began as a Djinni Hunter on Jan 23, 2024.
             Was a Follower of Okawaru.
             Shot with an arrow by a centaur (5 damage)
             ... on level 5 of the Dungeon.
             The game lasted 00:00:14 (3286 turns).

qw the Shooter (Djinni Hunter)                      Turns: 3286, Time: 00:00:15

Health: 0/59       AC: 18    Str: 14    XL:     8   Next: 43%
Gold:   216        EV: 13    Int: 10    God:    Okawaru [*.....] SH:  0 Dex: 20

rFire   + . .        c - +4 hand cannon (heavy)
rCold   x x x        (no shield)
rNeg    + . .        d - +0 ring mail "Tiul Atha" {+Inv MP+9 Str+4}
rPois   inf          e - +1 hat {Stlth+}
rElec   .            n - +0 cloak
rCorr   .            o - +2 pair of gloves
SInv    .            (boots unavailable)
Will    .....        p - amulet of Elemental Vulnerability {rPois rF-- rC-- AC+8}
Stlth   ++           i - ring of positive energy
HPRegen 0.29/turn    f - ring of protection from fire
MPRegen 0.00/turn

%: infuse magic (-1 HP)
@: about to teleport, flying
A: sickness immunity, fire resistance 2, cold vulnerability 1, float, innate
caster, HP casting, extra vitality 1
a: Renounce Religion, Evoke Invisibility, Heroism


You were on level 5 of the Dungeon.
You worshipped Okawaru.
Okawaru was aware of your devotion.
You visited 1 branch of the dungeon, and saw 5 of its levels.

You collected 216 gold pieces.


Innate Abilities, Weirdness & Mutations

You are immune to sickness and miasma.
You are immune to poison.
Your flesh is very heat resistant. (rF++)
You are vulnerable to cold. (rC-)
You float through the air rather than walking.
You learn spells naturally, not from books.
Your magical power is your life essence.
You have superior vitality. (+4 MHP)


   Skills:
 - Level 5.0 Fighting
 - Level 6.1 Ranged Weapons
 + Level 1.4 Armour
 - Level 4.2 Dodging
 - Level 0.7 Stealth
 + Level 2.9 Invocations


You knew the following spells:

 Your Spells              Type           Power      Damage    Failure   Level
a - Sting                 Conj/Alch      0%         1d3       61%         1
b - Call Imp              Summ           0%         N/A       75%         2
c - Searing Ray           Conj           0%         2d4       75%         2
Your spell library was empty.

Inventory:

Hand Weapons
 c - a +4 heavy hand cannon (weapon)
Armour
 b - a +0 robe of fire resistance
 d - the +0 ring mail "Tiul Atha" (worn) {+Inv MP+9 Str+4}
   (You found it on level 4 of the Dungeon)

   Str+4:     It affects your strength (+4).
   MP+9:      It affects your magic capacity (+9).
   +Inv:      It lets you turn invisible.
 e - a +1 hat of stealth (worn)
 n - a +0 cloak (worn)
 o - a +2 pair of gloves (worn)
 q - the +0 leather armour of Huchyasi {Int+2 Dex+3}
   (You found it on level 5 of the Dungeon)

   Int+2:     It affects your intelligence (+2).
   Dex+3:     It affects your dexterity (+3).
Jewellery
 f - a ring of protection from fire (right hand)
 g - a +6 ring of dexterity
 i - a ring of positive energy (left hand)
 p - the amulet of Elemental Vulnerability (around neck) {rPois rF-- rC-- AC+8}
   (You found it on level 3 of the Dungeon)

   [amulet of nothing]

   AC+8:      It affects your AC (+8).
   rF--:      It makes you very vulnerable to fire.
   rC--:      It makes you very vulnerable to cold.
   rPois:     It protects you from poison
Wands
 l - a wand of charming (12)
 s - a wand of flame (31)
Scrolls
 h - a scroll of teleportation
 j - a scroll of identify
Potions
 a - 2 potions of cancellation
 k - a potion of haste
 m - a potion of might {unknown}
 r - a potion of curing {unknown}

Dungeon Overview and Level Annotations

Branches:
Dungeon (5/15)
 Temple: D:4-7

Altars:
Ashenzari
Elyvilon
Okawaru
The Shining One


Message History

The gnoll bouda closely misses you.
You shoot a bolt. The bolt hits the gnoll bouda!!
You kill the gnoll bouda!
Okawaru accepts your kill.
A scorpion comes into view.
The ogre hits you with a +0 giant club. The ogre closely misses you.
You shoot a bolt. The bolt barely misses the scorpion.
Your attacks no longer feel as feeble.
You hear a bark!
The scorpion barely misses you. The ogre hits you with a +0 giant club!
The scorpion stings you but does no damage.
The scorpion stings you. The ogre hits you with a +0 giant club!
You hear a bark!
You shoot a bolt. The bolt hits the scorpion.
The scorpion is moderately wounded.
You hear an angry hiss.
The scorpion closely misses you.
The scorpion stings you but does no damage.
The ogre closely misses you. The scorpion barely misses you.
The ogre barely misses you.
The scorpion stings you but does no damage.
You shoot a bolt. The bolt hits the scorpion.
The scorpion is heavily wounded.
You hear a bark!
The scorpion misses you. The ogre barely misses you.
The scorpion barely misses you. x2
You hear a bark!
You shoot a bolt. The bolt closely misses the scorpion.
A jackal comes into view.
The ogre barely misses you. The scorpion barely misses you. x2
A centaur comes into view.
The ogre hits you with a +0 giant club!
The scorpion stings you but does no damage.
The jackal barks!
3286 ||| READING 2 scrolls of teleportation.
As you read the scroll of teleportation, it crumbles to dust.
You feel strangely unstable.
You hear a shout!
The centaur wields a +0 orcbow.
The centaur shoots an arrow.
The arrow hits you.
You die...

# # # #.
.# ## #.#
#.# .#
#..# #..#
.# #..#
##sh# ##
#..###@O#
.#
#..#0.#.#
##
#.c.#.#.#
##
##.#### #
.####
####.#
....#
#....#
....#
#.####
....# #.#
...## #.#


You could see an ogre, a centaur, a scorpion and a jackal.

Vanquished Creatures
  Sigmund (D:3)
  4 black bears
  An ogre (D:5)
  Blork the orc (D:4)
  A scorpion (D:5)
  A bombardier beetle (D:5)
  A jelly (D:4)
  A gnoll bouda (D:5)
  2 iguanas
  6 adders
  2 dart slugs
  A ribbon worm (D:3)
  2 orcs
  7 bats
  9 endoplasms
  3 giant cockroaches
  3 goblins
  3 hobgoblins
  8 jackals
  9 kobolds
  2 quokkas
  3 ball pythons
  2 frilled lizards
  6 rats
79 creatures vanquished.

Notes
Turn   | Place    | Note
-------+----------+-------------------------------------------
     0 | D:1      | qw the Djinni Hunter began the quest for the Orb.
     0 | D:1      | Reached XP level 1. HP: 18/18 MP: 0/0
     0 | D:1      | 0 ||| qw: Version: 0.3-a-135-gb77e89d
     0 | D:1      | 0 ||| qw: Game counter: 827
     0 | D:1      | 0 ||| qw: Melee chars always use a shield: true
     0 | D:1      | 0 ||| qw: God list: Okawaru
     0 | D:1      | 0 ||| qw: Allow faded altars: false
     0 | D:1      | 0 ||| qw: Do Orc after clearing Dungeon:15 true
     0 | D:1      | 0 ||| qw: Do second Lair branch before Depths: true
     0 | D:1      | 0 ||| qw: Lair rune preference: random
     0 | D:1      | 0 ||| qw: Goals: Normal
     0 | D:1      | 0 ||| PLANNING D:1-11
   269 | D:1      | Reached XP level 2. HP: 21/23 MP: 0/0
   676 | D:1      | 676 ||| UPGRADING to +0 pair of gloves.
   681 | D:1      | 681 ||| UPGRADING to +0 ring mail.
   691 | D:1      | 691 ||| DROPPING +0 leather armour.
   692 | D:1      | 692 ||| READING 3 scrolls labelled CEFAONUDIL.
   693 | D:1      | 693 ||| READING scroll labelled GUINED PETSI.
   694 | D:1      | 694 ||| READING scroll labelled ROLIRO CUCSA.
   694 | D:1      | Identified a scroll of acquirement
   694 | D:1      | 694 ||| ACQUIRING +4 heavy hand cannon
   694 | D:1      | Acquired a +4 heavy hand cannon
   696 | D:1      | 696 ||| SWAPPING to +4 heavy hand cannon.
   697 | D:1      | 697 ||| DROPPING +0 shortbow.
   698 | D:1      | 698 ||| DROPPING scroll of butterflies.
   699 | D:1      | 699 ||| DROPPING 2 scrolls of fog.
   730 | D:2      | 730 ||| STAIRDANCE
   733 | D:1      | Reached skill level 1 in Armour
   735 | D:2      | 735 ||| STAIRDANCE
   746 | D:2      | 746 ||| STAIRDANCE
   749 | D:1      | Reached XP level 3. HP: 24/28 MP: 0/0
   749 | D:1      | Learned a level 1 spell: Sting
   767 | D:2      | 767 ||| STAIRDANCE
   772 | D:2      | 772 ||| STAIRDANCE
   814 | D:2      | Reached skill level 4 in Ranged Weapons
   911 | D:2      | Reached XP level 4. HP: 33/34 MP: 0/0
  1424 | D:2      | 1424 ||| UPGRADING to +0 cloak.
  1429 | D:2      | 1429 ||| UPGRADING to ring of positive energy.
  1430 | D:2      | 1430 ||| READING scroll labelled LILLIKL NOCW.
  1431 | D:2      | 1431 ||| READING scroll labelled APTUCE KONIFI.
  1431 | D:2      | 1431 ||| ENCHANTING +0 pair of gloves.
  1432 | D:2      | 1432 ||| READING scroll labelled YMECWE FIHUNISAO.
  1533 | D:2      | 1533 ||| DRINKING 2 clear potions.
  1534 | D:2      | 1534 ||| DRINKING 3 green potions.
  1535 | D:2      | 1535 ||| DROPPING potion of invisibility.
  1578 | D:3      | Found a broken altar of Ashenzari.
  1578 | D:3      | Found a white marble altar of Elyvilon.
  1581 | D:3      | 1581 ||| STAIRDANCE
  1592 | D:3      | Noticed Sigmund
  1593 | D:3      | Killed Sigmund
  1594 | D:3      | Reached XP level 5. HP: 43/43 MP: 0/0
  1594 | D:3      | Learned a level 2 spell: Call Imp
  1594 | D:3      | Reached XP level 6. HP: 49/49 MP: 0/0
  1597 | D:3      | Found a glowing golden altar of the Shining One.
  2137 | D:3      | Found the amulet of Elemental Vulnerability {rPois rF--
                  | rC-- AC+8}
  2171 | D:3      | 2171 ||| UPGRADING to amulet of Elemental Vulnerability
                  | {rPois rF-- rC-- AC+8}.
  2176 | D:3      | 2176 ||| UPGRADING to +0 robe of fire resistance.
  2186 | D:3      | 2186 ||| READING scroll labelled RALLECS QIDISO.
  2187 | D:3      | 2187 ||| READING 3 scrolls labelled OTHICA RYDI.
  2192 | D:3      | 2192 ||| READING scroll labelled JAJOZE VIOMEAL.
  2192 | D:3      | 2192 ||| IDENTIFYING grey potion
  2193 | D:3      | 2193 ||| READING scroll labelled TIENTA UDDIE.
  2294 | D:3      | 2294 ||| DRINKING 2 amethyst potions.
  2295 | D:3      | 2295 ||| DROPPING potion of attraction.
  2325 | D:4      | Found an iron altar of Okawaru.
  2326 | D:4      | 2326 ||| PLANNING OKAWARU WORSHIP
  2330 | D:4      | Became a worshipper of Warmaster Okawaru
  2331 | D:4      | 2331 ||| PLANNING D:1-11
  2353 | D:4      | Noticed a black bear
  2354 | D:4      | 2354 ||| DRINKING 2 potions of haste.
  2356 | D:4      | Killed a black bear
  2357 | D:4      | Reached skill level 3 in Dodging
  2363 | D:4      | Noticed a black bear
  2366 | D:4      | Killed a black bear
  2367 | D:4      | Reached XP level 7. HP: 54/54 MP: 0/0
  2367 | D:4      | Learned a level 2 spell: Searing Ray
  2381 | D:4      | Identified the +0 ring mail "Tiul Atha" {+Inv MP+9 Str+4}
  2534 | D:4      | Reached skill level 5 in Ranged Weapons
  2561 | D:4      | Noticed Blork the orc
  2562 | D:4      | Killed Blork the orc
  2737 | D:4      | 2737 ||| UPGRADING to +0 ring mail "Tiul Atha" {+Inv MP+9
                  | Str+4}.
  2747 | D:4      | 2747 ||| UPGRADING to +1 hat of stealth.
  2752 | D:4      | 2752 ||| DROPPING +0 ring mail.
  2753 | D:4      | 2753 ||| UPGRADING to +2 pair of gloves.
  2763 | D:4      | 2763 ||| DROPPING +1 pair of gloves.
  2764 | D:4      | 2764 ||| READING scroll labelled ENUCEDABLA.
  2765 | D:4      | 2765 ||| READING 2 scrolls labelled JITIUFF ULEA.
  2766 | D:4      | 2766 ||| DROPPING scroll of immolation.
  2798 | D:5      | Entered Level 5 of the Dungeon
  2817 | D:5      | Noticed a +0 dagger
  2817 | D:5      | Noticed a +0 falchion
  2817 | D:5      | Noticed a +0 short sword
  2817 | D:5      | Noticed a +0 dagger
  2817 | D:5      | Noticed a +0 falchion
  2818 | D:5      | Noticed a +0 spear
  2819 | D:5      | Noticed a +0 spear
  2840 | D:5      | Reached * piety under Okawaru
  2855 | D:5      | Reached skill level 1 in Invocations
  2855 | D:5      | Reached XP level 8. HP: 59/59 MP: 0/0
  2962 | D:5      | 2962 ||| FLEEEEING.
  2963 | D:5      | 2963 ||| FLEEEEING.
  2964 | D:5      | 2964 ||| FLEEEEING.
  2966 | D:5      | 2966 ||| FLEEEEING.
  2967 | D:5      | 2967 ||| FLEEEEING.
  2968 | D:5      | 2968 ||| FLEEEEING.
  2969 | D:5      | 2969 ||| FLEEEEING.
  2970 | D:5      | 2970 ||| FLEEEEING.
  2971 | D:5      | 2971 ||| FLEEEEING.
  2972 | D:5      | 2972 ||| FLEEEEING.
  2973 | D:5      | 2973 ||| FLEEEEING.
  2974 | D:5      | 2974 ||| FLEEEEING.
  2975 | D:5      | 2975 ||| FLEEEEING.
  2976 | D:5      | 2976 ||| FLEEEEING.
  2977 | D:5      | 2977 ||| FLEEEEING.
  2978 | D:5      | 2978 ||| FLEEEEING.
  2983 | D:5      | 2983 ||| FLEEEEING.
  2984 | D:5      | 2984 ||| FLEEEEING.
  2986 | D:5      | 2986 ||| FLEEEEING.
  2987 | D:5      | 2987 ||| FLEEEEING.
  2988 | D:5      | 2988 ||| FLEEEEING.
  2989 | D:5      | 2989 ||| FLEEEEING.
  2990 | D:5      | 2990 ||| FLEEEEING.
  2991 | D:5      | 2991 ||| STAIRDANCE
  3025 | D:4      | 3025 ||| UPGRADING to ring of protection from fire.
  3026 | D:4      | 3026 ||| READING scroll of identify.
  3026 | D:4      | 3026 ||| IDENTIFYING bubbling red potion
  3027 | D:4      | 3027 ||| READING scroll labelled FAMOSO GEYJUXOUTU.
  3111 | D:4      | 3111 ||| DROPPING potion of lignification.
  3116 | D:5      | Reached skill level 6 in Ranged Weapons
  3165 | D:5      | Identified the +0 leather armour of Huchyasi {Int+2 Dex+3}
  3285 | D:5      | HP: 5/59 [ogre/+0 giant club (16)]
  3286 | D:5      | 3286 ||| READING 2 scrolls of teleportation.
  3286 | D:5      | Shot with an arrow by a centaur

Levels and vault maps discovered:
D:1:      lemuel_arrival_hallway, layout_basic, dk_noncrumbling_4
D:2:      layout_loops_cross
D:3:      wad_pebble_path, layout_loops_ring, tso_oasis_becter,
          chequers_temple_overflow_statue_of_worship, uniq_sigmund
D:4:      layout_rooms, okawaru_metal_pillars_1_2, hangedman_decor_opposing,
          nicolae_figureground_sparkle, uniq_blork_the_orc
D:5:      minmay_diamond_boxcup, layout_cave_pools, nicolae_uskayaw_en_pointe

Skill      XL: |  1  2  3  4  5  6  7  8 |
---------------+-------------------------+-----
Armour         | 1 |  1.4
Ranged Weapons | 4 5 6 |  6.1
Fighting       | 5 |  5.0
Dodging        | 3 4 |  4.2
Invocations    | 1 2 |  2.9
Stealth        | |  0.7

Action                     |  1- 3 |  4- 6 |  7- 9 || total
---------------------------+-------+-------+-------++-------
   Fire: Shortbow          |    21 |       |       ||    21
         Hand cannon       |    26 |    41 |    48 ||   115
    Use: Scroll            |     3 |     7 |     5 ||    15
         Potion            |       |     4 |       ||     4
 Armour: Leather armour    |     5 |       |       ||     5
         Ring mail         |    31 |    10 |    22 ||    63
         Robe              |       |       |     5 ||     5
  Dodge: Dodged            |    21 |    12 |    26 ||    59

Table legend:
 A = Non-vault XP
 B = Vault XP
 C = Vault XP percentage of total XP
 D = Non-vault monster count
 E = Vault monster count
 F = Vault count percentage of total count
                 A         B        C        D         E       F
            +---------+---------+-------+---------+---------+-------
      Total |    1083 |     349 |  24.4 |      76 |       3 |   3.8
            +---------+---------+-------+---------+---------+-------
        D:1 |      33 |       0 |   0.0 |      15 |       0 |   0.0
        D:2 |      56 |       0 |   0.0 |      18 |       0 |   0.0
        D:3 |      23 |     214 |  90.3 |      11 |       1 |   8.3
        D:4 |     375 |      96 |  20.4 |      18 |       1 |   5.3
        D:5 |     596 |      39 |   6.1 |      14 |       1 |   6.7
            +---------+---------+-------+---------+---------+-------
